Flames vs Bruins
Created - April 17, 2017 at 19:33
Goals
|
Flames |
0 |
2 |
3 |
0 |
1 |
5 |
Bruins |
0 |
2 |
3 |
0 |
2 |
6 |
|
Shots
|
Flames |
11 |
14 |
17 |
1 |
4 |
43 |
Bruins |
12 |
6 |
11 |
0 |
4 |
29 |
|
1st period
No Goal
Penalties :
Adam Pineault (Bos) for Holding (Minor) at 0:40, Alexander Semin (Cal) for Elbowing (Minor) at 6:47, Nate Prosser (Bos) for High sticking (Minor) at 14:57, Victor Oreskovich (Bos) for Hooking (Minor) at 17:52
2nd period
1. Flames , Steve Regier 16 (Jonathan Ferland 1, David Backes 31) at 2:16 (PP)
2. Bruins , Henrik Sedin 42 (Wojtek Wolski 61, Daymond Langkow 19) at 8:07
3. Bruins , Daniel Sedin 27 (Wojtek Wolski 62) at 17:47
4. Flames , Mark Bell 7 (Patrik Berglund 29, Steve Eminger 19) at 19:41
Penalties :
Victor Oreskovich (Bos) for Hooking (Minor) at 1:36, Henrik Sedin (Bos) for Boarding (Minor) at 8:45, Wojtek Wolski (Bos) for Fighting (Major) at 19:42, Erik Johnson (Cal) for Fighting (Major) at 19:42
3rd period
5. Bruins , Chris Kelly 20 (Mark Stuart 17, Daniel Sedin 25) at 2:11 (PP)
6. Flames , Alexander Semin 38 (Eric Staal 57, Tomas Kaberle 14) at 4:09 (PP)
7. Flames , Marcel Goc 16 (Brad Marchand 23, Tomas Kaberle 15) at 8:41
8. Flames , Tomas Kaberle 1 (Ron Hainsey 13) at 16:44
9. Bruins , Wojtek Wolski 48 (Henrik Sedin 68, Nate Prosser 12) at 17:53
10. Bruins , Wojtek Wolski 49 (Maxim Kondratiev 14) at 19:40
Penalties :
Noah Welch (Cal) for Roughing (Minor) at 1:07, Roberto Luongo (Bos) for Delaying the game (Minor) at 3:37 - Curtis Glencross served the penalty, Alexander Semin (Cal) for Delaying the game (Minor) at 4:31
Overtime #1
No Goal
Penalties :
No Penalty
Shootout
Penalty Shot by Eric Staal for Flames - Stopped by Roberto Luongo
Penalty Shot by Wojtek Wolski for Bruins - Stopped by Pekka Rinne
Penalty Shot by Alexander Semin for Flames - Goal!
Penalty Shot by Henrik Sedin for Bruins - Stopped by Pekka Rinne
Penalty Shot by Patrik Berglund for Flames - Shot Misses the Net
Penalty Shot by Daniel Sedin for Bruins - Goal!
Penalty Shot by David Backes for Flames - Stopped by Roberto Luongo
Penalty Shot by Victor Oreskovich for Bruins - Goal!
Penalties :
No Penalty
Goalie Stats
Pekka Rinne (Cal), 24 saves from 29 shots - (0.828), OTL, 25-24-6, 65:00 minutes
Roberto Luongo (Bos), 38 saves from 43 shots - (0.884), W, 27-22-0, 64:26 minutes
Players Stats for Flames
Player Name G A P +/- PIM S H SB GA TA FO MP PP MP PK MP
------------------------------------------------------------------------------------
Alexander Semin 1 0 1 -1 4 5 0 0 2 2 1/2 23:11 5:14 0:00
Brad Marchand 0 1 1 0 0 7 0 0 1 1 0/0 13:23 0:05 1:49
Cam Janssen 0 0 0 -2 0 0 1 0 0 0 0/0 7:50 0:05 0:00
Colin Wilson 0 0 0 -2 0 0 0 0 0 0 2/6 6:40 0:00 0:00
David Backes 0 1 1 -1 0 1 3 2 1 0 2/5 26:48 5:14 2:57
Derek Meech 0 0 0 0 0 0 2 1 0 1 0/0 25:22 0:00 2:06
Eric Staal 0 1 1 -1 0 3 0 0 0 0 17/37 25:19 5:14 1:42
Erik Johnson 0 0 0 -1 5 4 2 1 0 1 0/0 25:38 5:20 0:10
Jonathan Ferland 0 1 1 2 0 1 2 0 0 0 0/0 15:57 3:49 0:00
Marcel Goc 1 0 1 0 0 3 1 0 0 0 4/13 13:52 0:00 2:57
Mark Bell 1 0 1 2 0 4 3 0 1 0 0/0 12:48 0:05 0:39
Noah Welch 0 0 0 0 2 1 0 0 0 1 0/0 14:31 3:48 0:00
Patrik Berglund 0 1 1 2 0 5 3 1 0 0 8/12 17:46 3:49 0:00
Robyn Regehr 0 0 0 1 0 0 1 0 0 0 0/0 18:56 3:16 0:00
Ron Hainsey 0 1 1 -1 0 2 0 2 0 0 0/0 15:47 0:00 2:56
Steve Eminger 0 1 1 0 0 1 1 0 1 0 0/0 20:35 0:00 2:56
Steve Regier 1 0 1 -2 0 2 2 0 0 0 0/0 12:00 3:49 0:00
Tomas Kaberle 1 2 3 -1 0 4 4 0 0 0 0/0 18:41 5:52 2:06
Players Stats for Bruins
Player Name G A P +/- PIM S H SB GA TA FO MP PP MP PK MP
------------------------------------------------------------------------------------
Adam Pineault 0 0 0 -1 2 0 0 0 0 0 0/0 11:18 0:00 0:00
Andrew Alberts 0 0 0 -1 0 0 4 1 2 2 0/0 31:50 3:24 5:51
Chris Kelly 1 0 1 0 0 5 0 0 1 0 8/11 16:12 1:49 0:40
Curtis Glencross 0 0 0 0 0 0 1 1 0 0 1/1 7:47 1:45 1:24
Dainius Zubrus 0 0 0 0 0 0 1 0 0 0 0/0 15:31 1:49 0:00
Daniel Sedin 1 1 2 0 0 1 3 1 1 0 1/3 19:14 1:49 2:32
Dave Bolland 0 0 0 0 0 1 0 0 0 0 3/6 5:06 0:00 0:00
Daymond Langkow 0 1 1 -1 0 1 3 0 0 0 3/5 14:54 0:00 2:54
Henrik Sedin 1 1 2 2 2 6 0 1 0 0 18/37 25:01 2:53 4:19
Jason Demers 0 0 0 -1 0 4 2 1 1 0 0/0 31:50 3:24 5:51
Jonathan Sigalet 0 0 0 1 0 0 0 2 1 0 0/0 10:13 0:00 0:00
Mark Stuart 0 1 1 1 0 2 1 1 0 1 0/0 22:57 1:38 3:17
Matt Cooke 0 0 0 -1 0 1 2 0 0 1 0/0 12:56 0:20 0:00
Maxim Kondratiev 0 1 1 1 0 0 0 0 0 1 0/0 22:57 1:38 3:17
Nate Prosser 0 1 1 1 2 0 2 0 0 0 0/0 10:13 0:00 0:00
Victor Oreskovich 0 0 0 2 4 3 1 3 0 1 1/2 21:21 2:56 1:35
Viktor Stalberg 0 0 0 0 0 0 1 0 0 0 0/0 5:06 0:00 0:00
Wojtek Wolski 2 2 4 2 5 5 0 1 0 0 6/10 26:20 1:45 4:52
3 Stars
1 - Wojtek Wolski (Bos)
2 - Tomas Kaberle (Cal)
3 - Daniel Sedin (Bos)
Power Play
Flames - 2 on 6 Attempt(s) - 33.33%
Bruins - 1 on 3 Attempt(s) - 33.33%
Penalty Kill
Flames - 2 on 3 Attempt(s) - 66.67%
- Score 0 goal in Penalty Kill
Bruins - 4 on 6 Attempt(s) - 66.67%
- Score 0 goal in Penalty Kill
Team Stat
Flames - Hits : 25 - Faceoff Wins : 34 - Blocked Shots : 7 - Penalty Minutes : 11
Bruins - Hits : 21 - Faceoff Wins : 41 - Blocked Shots : 12 - Penalty Minutes : 17
Official
Referees : Peel Tim and Banfield David
Linesman : Tim Nowak and Jonny Murray
Game Notes
Wojtek Wolski and Erik Johnson fight to a draw at 19:42 of 2nd period
Finance
Level 1 -- Attendance: 4626 (77.10%) -- Ticket Income $457,974
Level 2 -- Attendance: 3530 (70.60%) -- Ticket Income $208,270
Level 3 -- Attendance: 1803 (90.15%) -- Ticket Income $52,287
Level 4 -- Attendance: 3857 (96.43%) -- Ticket Income $73,283
Luxury Box -- Attendance: 757 (75.70%) -- Ticket Income $143,073
Game was played at the TD Banknorth Garden.
Total Attendance: 14573 (80.96%)
Total Ticket Income: $934,887
Other Income: $140,233
Total Income: $1,075,120
Flames
5 vs 5 Forward
Center Left Wing Right Wing Time % Phy DF OF
1 Eric Staal Alexander Semin David Backes 39 1 2 2
2 Patrik Berglund Mark Bell Jonathan Ferland 30 1 2 2
3 Marcel Goc Brad Marchand Noah Welch 21 1 2 2
4 Colin Wilson Steve Regier Cam Janssen 10 1 2 2
5 vs 5 Defense
Defense Defense Time % Phy DF OF
1 Derek Meech Erik Johnson 40 1 2 2
2 Robyn Regehr Steve Eminger 30 1 2 2
3 Ron Hainsey Tomas Kaberle 20 1 2 2
4 Derek Meech Steve Eminger 10 1 2 2
PowerPlay Forward
Center Left Wing Right Wing Time % Phy DF OF
1 Eric Staal Alexander Semin David Backes 60 1 1 3
2 Patrik Berglund Steve Regier Jonathan Ferland 40 1 1 3
PowerPlay Defense
Defense Defense Time % Phy DF OF
1 Erik Johnson Tomas Kaberle 60 1 1 3
2 Noah Welch Robyn Regehr 40 1 1 3
Penalty Kill 4 Players Forward
Center Wing Time % Phy DF OF
1 Marcel Goc David Backes 60 1 3 1
2 Eric Staal Brad Marchand 40 1 3 1
Penalty Kill 4 Players Defense
Defense Defense Time % Phy DF OF
1 Ron Hainsey Steve Eminger 60 1 4 0
2 Derek Meech Tomas Kaberle 40 1 4 0
Penalty Kill - 3 Players Forward
Forward Time % Phy DF OF
1 Eric Staal 60 1 4 0
2 David Backes 40 1 4 0
Penalty Kill - 3 Players Defense
Defense Defense Time % Phy DF OF
1 Ron Hainsey Steve Eminger 60 1 4 0
2 Derek Meech Tomas Kaberle 40 1 4 0
4 vs 4 Forward
Center Wing Time % Phy DF OF
1 Eric Staal David Backes 60 1 2 2
2 Patrik Berglund Brad Marchand 40 1 2 2
4 vs 4 Defense
Defense Defense Time % Phy DF OF
1 Derek Meech Erik Johnson 60 1 2 2
2 Robyn Regehr Steve Eminger 40 1 2 2
Last Minutes Offensive
Center Left Wing Right Wing Defense Defense
Eric Staal Alexander Semin David Backes Erik Johnson Steve Eminger
Last Minutes Defensive
Center Left Wing Right Wing Defense Defense
Eric Staal Alexander Semin David Backes Erik Johnson Steve Eminger
Goaltenders
Starting : Pekka Rinne
Backup : Craig Anderson
Extra Forwards
Normal : David Backes, Patrik Berglund, Steve Regier - PP : Steve Regier, Mark Bell - PK : Brad Marchand
Extra Defensemen
Normal : Erik Johnson, Derek Meech, Ron Hainsey - PP : Noah Welch - PK : Erik Johnson, Derek Meech
Penalty Shots
Eric Staal, Alexander Semin, Patrik Berglund, David Backes, Colin Wilson
Scratches
Jordin Tootoo (Strained Back Injury), Michel Ouellet (Healthy)
Bruins
5 vs 5 Forward
Center Left Wing Right Wing Time % Phy DF OF
1 Henrik Sedin Wojtek Wolski Victor Oreskovich 40 1 2 2
2 Chris Kelly Daniel Sedin Dainius Zubrus 30 1 2 2
3 Daymond Langkow Matt Cooke Adam Pineault 20 1 2 2
4 Dave Bolland Viktor Stalberg Wojtek Wolski 10 1 2 2
5 vs 5 Defense
Defense Defense Time % Phy DF OF
1 Jason Demers Andrew Alberts 40 1 2 2
2 Mark Stuart Maxim Kondratiev 30 1 2 2
3 Jonathan Sigalet Nate Prosser 20 1 2 2
4 Jason Demers Andrew Alberts 10 1 2 2
PowerPlay Forward
Center Left Wing Right Wing Time % Phy DF OF
1 Henrik Sedin Wojtek Wolski Victor Oreskovich 60 1 2 2
2 Chris Kelly Daniel Sedin Dainius Zubrus 40 1 2 2
PowerPlay Defense
Defense Defense Time % Phy DF OF
1 Jason Demers Andrew Alberts 60 1 2 2
2 Mark Stuart Maxim Kondratiev 40 1 2 2
Penalty Kill 4 Players Forward
Center Wing Time % Phy DF OF
1 Wojtek Wolski Henrik Sedin 60 1 2 2
2 Daniel Sedin Victor Oreskovich 40 1 2 2
Penalty Kill 4 Players Defense
Defense Defense Time % Phy DF OF
1 Jason Demers Andrew Alberts 60 1 2 2
2 Mark Stuart Maxim Kondratiev 40 1 2 2
Penalty Kill - 3 Players Forward
Forward Time % Phy DF OF
1 Wojtek Wolski 60 1 2 2
2 Henrik Sedin 40 1 2 2
Penalty Kill - 3 Players Defense
Defense Defense Time % Phy DF OF
1 Jason Demers Andrew Alberts 60 1 2 2
2 Mark Stuart Maxim Kondratiev 40 1 2 2
4 vs 4 Forward
Center Wing Time % Phy DF OF
1 Wojtek Wolski Henrik Sedin 60 1 2 2
2 Daniel Sedin Victor Oreskovich 40 1 2 2
4 vs 4 Defense
Defense Defense Time % Phy DF OF
1 Jason Demers Andrew Alberts 60 1 2 2
2 Mark Stuart Maxim Kondratiev 40 1 2 2
Last Minutes Offensive
Center Left Wing Right Wing Defense Defense
Henrik Sedin Wojtek Wolski Victor Oreskovich Jason Demers Andrew Alberts
Last Minutes Defensive
Center Left Wing Right Wing Defense Defense
Henrik Sedin Wojtek Wolski Victor Oreskovich Jason Demers Andrew Alberts
Goaltenders
Starting : Roberto Luongo
Backup : Karri Ramo
Extra Forwards
Normal : Curtis Glencross, Matt Cooke, Daymond Langkow - PP : Curtis Glencross, Matt Cooke - PK : Daymond Langkow
Extra Defensemen
Normal : Jonathan Sigalet, Nate Prosser, Mark Stuart - PP : Jonathan Sigalet - PK : Nate Prosser, Mark Stuart
Penalty Shots
Wojtek Wolski, Henrik Sedin, Daniel Sedin, Victor Oreskovich, Chris Kelly
Scratches
Kris Chucko (Healthy), Matt Hendricks (Healthy), Erik Condra (Healthy)
% Time on Ice - Flames
Lines # - Real PCT - Wanted PCT - Time Play
Normal Forward
1 - 35% - 39% - 15:56
2 - 27% - 30% - 12:15
3 - 23% - 21% - 10:14
4 - 15% - 10% - 6:40
Normal Defense
1 - 41% - 40% - 18:38
2 - 32% - 30% - 14:26
3 - 22% - 20% - 9:52
4 - 5% - 10% - 2:09
PP Forward
1 - 58% - 60% - 5:19
2 - 42% - 40% - 3:49
PP Defense
1 - 64% - 60% - 5:52
2 - 36% - 40% - 3:16
PK Forward
1 - 80% - 60% - 4:01
2 - 20% - 40% - 1:01
PK Defense
1 - 58% - 60% - 2:56
2 - 42% - 40% - 2:06
PK3 Forward
1 - 0% - 60%
2 - 0% - 40%
PK3 Defense
1 - 0% - 60%
2 - 0% - 40%
44 Forward
1 - 80% - 60% - 4:01
2 - 20% - 40% - 0:59
44 Defense
1 - 63% - 60% - 3:10
2 - 37% - 40% - 1:50
Last Minute Offensive - 0:00
Last Minute Defensive - 0:45
Total
Forward - 65:00
Defense - 65:00
|
% Time on Ice - Bruins
Lines # - Real PCT - Wanted PCT - Time Play
Normal Forward
1 - 33% - 40% - 15:02
2 - 30% - 30% - 13:42
3 - 25% - 20% - 11:16
4 - 11% - 10% - 5:06
Normal Defense
1 - 42% - 40% - 18:52
2 - 34% - 30% - 15:10
3 - 22% - 20% - 10:01
4 - 2% - 10% - 1:03
PP Forward
1 - 64% - 60% - 3:13
2 - 36% - 40% - 1:49
PP Defense
1 - 68% - 60% - 3:24
2 - 32% - 40% - 1:38
PK Forward
1 - 72% - 60% - 6:36
2 - 28% - 40% - 2:32
PK Defense
1 - 64% - 60% - 5:51
2 - 36% - 40% - 3:17
PK3 Forward
1 - 0% - 60%
2 - 0% - 40%
PK3 Defense
1 - 0% - 60%
2 - 0% - 40%
44 Forward
1 - 76% - 60% - 3:49
2 - 24% - 40% - 1:11
44 Defense
1 - 53% - 60% - 2:40
2 - 47% - 40% - 2:20
Last Minute Offensive - 0:44
Last Minute Defensive - 0:00
Total
Forward - 65:00
Defense - 65:00
|
Play by Play
1st period
0:01 of 1st period - David Backes wins face-off versus Henrik Sedin in neutral zone.
0:08 of 1st period - Slapshot by Henrik Sedin.
0:08 of 1st period - Shot Blocked by Erik Johnson.
0:10 of 1st period - Snap shot by Wojtek Wolski.
0:10 of 1st period - Shot Blocked by Derek Meech.
0:14 of 1st period - Backhand shot by Henrik Sedin.
0:14 of 1st period - Stopped by Pekka Rinne with a rebound.
0:16 of 1st period - Slapshot by Henrik Sedin.
0:16 of 1st period - Stopped by Pekka Rinne without a rebound.
0:17 of 1st period - Patrik Berglund wins face-off versus Chris Kelly in Flames zone.
0:21 of 1st period - Icing by Patrik Berglund.
0:22 of 1st period - Patrik Berglund wins face-off versus Chris Kelly in Flames zone.
0:22 of 1st period - Patrik Berglund is hit by Daniel Sedin.
0:36 of 1st period - Snap shot by Patrik Berglund.
0:36 of 1st period - Stopped by Roberto Luongo without a rebound.
0:37 of 1st period - Daymond Langkow wins face-off versus Marcel Goc in Bruins zone.
0:37 of 1st period - Daymond Langkow is hit by Tomas Kaberle.
0:40 of 1st period - Minor Penalty to Adam Pineault for Holding.
0:41 of 1st period - Wojtek Wolski wins face-off versus Eric Staal in Bruins zone.
1:08 of 1st period - Off-side.
1:09 of 1st period - Patrik Berglund wins face-off versus Daniel Sedin in neutral zone.
1:44 of 1st period - Slapshot by Eric Staal.
1:44 of 1st period - Stopped by Roberto Luongo with a rebound.
2:15 of 1st period - Off-side.
2:16 of 1st period - Daniel Sedin wins face-off versus Eric Staal in neutral zone.
2:35 of 1st period - Wojtek Wolski is hit by Steve Regier and loses puck.
2:40 of 1st period - Penalty to Adam Pineault is over, Adam Pineault is back on ice.
2:48 of 1st period - Wrist shot by Wojtek Wolski.
2:48 of 1st period - Stopped by Pekka Rinne without a rebound.
2:49 of 1st period - Daymond Langkow wins face-off versus Marcel Goc in Flames zone.
3:02 of 1st period - Wrist shot by Matt Cooke.
3:02 of 1st period - Stopped by Pekka Rinne without a rebound.
3:03 of 1st period - Eric Staal wins face-off versus Henrik Sedin in Flames zone.
3:40 of 1st period - Nate Prosser is hit by Mark Bell and loses puck.
4:30 of 1st period - Slapshot by Tomas Kaberle.
4:30 of 1st period - Shot Misses the Net.
4:51 of 1st period - Snap shot by Patrik Berglund.
4:51 of 1st period - Stopped by Roberto Luongo with a rebound.
4:53 of 1st period - Slapshot by Ron Hainsey.
4:53 of 1st period - Stopped by Roberto Luongo with a rebound.
4:59 of 1st period - Snap shot by Patrik Berglund.
4:59 of 1st period - Shot Blocked by Daniel Sedin.
5:13 of 1st period - Off-side.
5:14 of 1st period - Daymond Langkow wins face-off versus Eric Staal in neutral zone.
5:27 of 1st period - Snap shot by Alexander Semin.
5:27 of 1st period - Shot Misses the Net.
5:57 of 1st period - Erik Johnson is hit by Mark Stuart.
6:25 of 1st period - Snap shot by Daymond Langkow.
6:25 of 1st period - Stopped by Pekka Rinne without a rebound.
6:26 of 1st period - Henrik Sedin wins face-off versus Eric Staal in Flames zone.
6:47 of 1st period - Minor Penalty to Alexander Semin for Elbowing.
6:48 of 1st period - Marcel Goc wins face-off versus Henrik Sedin in Flames zone.
6:48 of 1st period - Marcel Goc is hit by Andrew Alberts.
7:24 of 1st period - Slapshot by Chris Kelly.
7:24 of 1st period - Stopped by Pekka Rinne with a rebound.
7:26 of 1st period - Slapshot by Chris Kelly.
7:26 of 1st period - Stopped by Pekka Rinne with a rebound.
7:50 of 1st period - Mark Stuart is hit by Mark Bell.
8:30 of 1st period - Ron Hainsey is hit by Daniel Sedin and loses puck.
8:47 of 1st period - Penalty to Alexander Semin is over, Alexander Semin is back on ice.
8:59 of 1st period - Matt Cooke is hit by Derek Meech and loses puck.
9:04 of 1st period - Wrist shot by Mark Bell.
9:04 of 1st period - Stopped by Roberto Luongo without a rebound.
9:05 of 1st period - Patrik Berglund wins face-off versus Dave Bolland in Bruins zone.
9:06 of 1st period - Slapshot by Mark Bell.
9:06 of 1st period - Stopped by Roberto Luongo without a rebound.
9:07 of 1st period - Dave Bolland wins face-off versus Patrik Berglund in Bruins zone.
9:07 of 1st period - Dave Bolland is hit by Jonathan Ferland.
9:15 of 1st period - Slapshot by Patrik Berglund.
9:15 of 1st period - Shot Misses the Net.
9:17 of 1st period - Slapshot by Erik Johnson.
9:17 of 1st period - Shot Blocked by Jonathan Sigalet.
9:19 of 1st period - Slapshot by Erik Johnson.
9:19 of 1st period - Stopped by Roberto Luongo without a rebound.
9:20 of 1st period - Henrik Sedin wins face-off versus Eric Staal in Bruins zone.
9:31 of 1st period - Snap shot by Wojtek Wolski.
9:31 of 1st period - Shot Hit the Post.
9:33 of 1st period - Slapshot by Jason Demers.
9:33 of 1st period - Deflect By Alexander Semin.
9:33 of 1st period - Stopped by Pekka Rinne with a rebound.
9:45 of 1st period - Jason Demers is hit by Mark Bell.
9:53 of 1st period - Jonathan Ferland is hit by Nate Prosser and loses puck.
10:24 of 1st period - Snap shot by Wojtek Wolski.
10:24 of 1st period - Stopped by Pekka Rinne without a rebound.
10:25 of 1st period - Dave Bolland wins face-off versus Colin Wilson in Flames zone.
10:45 of 1st period - Icing by Erik Johnson.
10:46 of 1st period - Chris Kelly wins face-off versus Colin Wilson in Flames zone.
11:10 of 1st period - Icing by Steve Regier.
11:11 of 1st period - Eric Staal wins face-off versus Henrik Sedin in Flames zone.
11:58 of 1st period - Slapshot by Erik Johnson.
11:58 of 1st period - Shot Misses the Net.
12:14 of 1st period - Daniel Sedin is hit by Cam Janssen and loses puck.
12:29 of 1st period - Snap shot by Henrik Sedin.
12:29 of 1st period - Stopped by Pekka Rinne with a rebound.
13:08 of 1st period - Wojtek Wolski is hit by Jonathan Ferland and loses puck.
13:37 of 1st period - Daniel Sedin is hit by Tomas Kaberle and loses puck.
13:47 of 1st period - Icing by Andrew Alberts.
13:48 of 1st period - Henrik Sedin wins face-off versus Marcel Goc in Bruins zone.
14:01 of 1st period - Snap shot by Brad Marchand.
14:01 of 1st period - Stopped by Roberto Luongo without a rebound.
14:02 of 1st period - Chris Kelly wins face-off versus David Backes in Bruins zone.
14:55 of 1st period - Snap shot by Brad Marchand.
14:55 of 1st period - Shot Misses the Net.
14:57 of 1st period - Minor Penalty to Nate Prosser for High sticking.
14:58 of 1st period - Henrik Sedin wins face-off versus Eric Staal in Bruins zone.
16:57 of 1st period - Penalty to Nate Prosser is over, Nate Prosser is back on ice.
17:03 of 1st period - Wrist shot by Chris Kelly.
17:03 of 1st period - Stopped by Pekka Rinne without a rebound.
17:04 of 1st period - Chris Kelly wins face-off versus Marcel Goc in Flames zone.
17:32 of 1st period - Off-side.
17:33 of 1st period - Colin Wilson wins face-off versus Henrik Sedin in neutral zone.
17:38 of 1st period - Slapshot by Tomas Kaberle.
17:38 of 1st period - Stopped by Roberto Luongo with a rebound.
17:40 of 1st period - Wrist shot by Steve Regier.
17:40 of 1st period - Shot Misses the Net.
17:42 of 1st period - Wrist shot by Cam Janssen.
17:42 of 1st period - Shot Misses the Net.
17:44 of 1st period - Wrist shot by Steve Regier.
17:44 of 1st period - Shot Blocked by Henrik Sedin.
17:46 of 1st period - Slapshot by Tomas Kaberle.
17:46 of 1st period - Deflect By Henrik Sedin.
17:46 of 1st period - Stopped by Roberto Luongo with a rebound.
17:52 of 1st period - Minor Penalty to Victor Oreskovich for Hooking.
17:53 of 1st period - Wojtek Wolski wins face-off versus Eric Staal in Bruins zone.
17:58 of 1st period - Slapshot by Jason Demers.
17:58 of 1st period - Stopped by Pekka Rinne with a rebound.
18:54 of 1st period - Wrist shot by Steve Regier.
18:54 of 1st period - Stopped by Roberto Luongo without a rebound.
18:55 of 1st period - Wojtek Wolski wins face-off versus David Backes in Bruins zone.
19:01 of 1st period - Icing by Alexander Semin.
19:02 of 1st period - Wojtek Wolski wins face-off versus Eric Staal in Flames zone.
19:52 of 1st period - Penalty to Victor Oreskovich is over, Victor Oreskovich is back on ice.
Goals for this period are 0 for Flames vs 0 for Bruins.
Shots for this period are 11 for Flames vs 12 for Bruins.
2nd period
0:01 of 2nd period - Eric Staal wins face-off versus Victor Oreskovich in neutral zone.
1:17 of 2nd period - Wrist shot by David Backes.
1:17 of 2nd period - Shot Blocked by Mark Stuart.
1:31 of 2nd period - Slapshot by Patrik Berglund.
1:31 of 2nd period - Shot Hit the Post.
1:33 of 2nd period - Wrist shot by Steve Eminger.
1:33 of 2nd period - Stopped by Roberto Luongo without a rebound.
1:34 of 2nd period - Henrik Sedin wins face-off versus Patrik Berglund in Bruins zone.
1:36 of 2nd period - Minor Penalty to Victor Oreskovich for Hooking.
1:37 of 2nd period - Wojtek Wolski wins face-off versus Eric Staal in Bruins zone.
2:14 of 2nd period - Snap shot by Jonathan Ferland.
2:14 of 2nd period - Stopped by Roberto Luongo with a rebound.
2:16 of 2nd period - Snap shot by Steve Regier.
2:16 of 2nd period - Goal by Steve Regier - Flames : 1 - Bruins : 0.
2:17 of 2nd period - Eric Staal wins face-off versus Henrik Sedin in neutral zone.
2:24 of 2nd period - Wrist shot by Alexander Semin.
2:24 of 2nd period - Stopped by Roberto Luongo with a rebound.
2:26 of 2nd period - Backhand shot by Eric Staal.
2:26 of 2nd period - Shot Blocked by Victor Oreskovich.
2:28 of 2nd period - Slapshot by Erik Johnson.
2:28 of 2nd period - Stopped by Roberto Luongo with a rebound.
2:30 of 2nd period - Wrist shot by Alexander Semin.
2:30 of 2nd period - Stopped by Roberto Luongo with a rebound.
2:44 of 2nd period - Wrist shot by Marcel Goc.
2:44 of 2nd period - Shot Misses the Net.
2:46 of 2nd period - Wrist shot by Marcel Goc.
2:46 of 2nd period - Stopped by Roberto Luongo with a rebound.
2:48 of 2nd period - Wrist shot by Brad Marchand.
2:48 of 2nd period - Stopped by Roberto Luongo without a rebound.
2:49 of 2nd period - Chris Kelly wins face-off versus Marcel Goc in Bruins zone.
2:49 of 2nd period - Chris Kelly is hit by Robyn Regehr.
2:57 of 2nd period - Slapshot by Brad Marchand.
2:57 of 2nd period - Stopped by Roberto Luongo without a rebound.
2:58 of 2nd period - Chris Kelly wins face-off versus Eric Staal in Bruins zone.
3:05 of 2nd period - Snap shot by Daniel Sedin.
3:05 of 2nd period - Shot Misses the Net.
4:11 of 2nd period - Wrist shot by Chris Kelly.
4:11 of 2nd period - Stopped by Pekka Rinne without a rebound.
4:12 of 2nd period - Patrik Berglund wins face-off versus Henrik Sedin in Flames zone.
4:12 of 2nd period - Patrik Berglund is hit by Jason Demers.
4:20 of 2nd period - Snap shot by Steve Eminger.
4:20 of 2nd period - Shot Misses the Net.
5:18 of 2nd period - Mark Bell is hit by Daymond Langkow and loses puck.
5:43 of 2nd period - Icing by Noah Welch.
5:44 of 2nd period - Marcel Goc wins face-off versus Daymond Langkow in Flames zone.
5:44 of 2nd period - Marcel Goc is hit by Andrew Alberts.
6:13 of 2nd period - Jason Demers is hit by Steve Eminger.
6:27 of 2nd period - Snap shot by Wojtek Wolski.
6:27 of 2nd period - Shot Misses the Net.
6:29 of 2nd period - Wrist shot by Henrik Sedin.
6:29 of 2nd period - Shot Misses the Net.
6:55 of 2nd period - Off-side.
6:56 of 2nd period - Patrik Berglund wins face-off versus Dave Bolland in neutral zone.
7:22 of 2nd period - Chris Kelly is hit by Marcel Goc and loses puck.
7:49 of 2nd period - Snap shot by Alexander Semin.
7:49 of 2nd period - Shot Misses the Net.
8:07 of 2nd period - Slapshot by Wojtek Wolski.
8:07 of 2nd period - Deflect By Henrik Sedin.
8:07 of 2nd period - Goal by Henrik Sedin - Flames : 1 - Bruins : 1.
8:08 of 2nd period - Henrik Sedin wins face-off versus Eric Staal in neutral zone.
8:21 of 2nd period - Slapshot by Eric Staal.
8:21 of 2nd period - Stopped by Roberto Luongo without a rebound.
8:22 of 2nd period - Eric Staal wins face-off versus Henrik Sedin in Bruins zone.
8:45 of 2nd period - Minor Penalty to Henrik Sedin for Boarding.
8:46 of 2nd period - Eric Staal wins face-off versus Wojtek Wolski in Bruins zone.
8:49 of 2nd period - Snap shot by Alexander Semin.
8:49 of 2nd period - Stopped by Roberto Luongo without a rebound.
8:50 of 2nd period - Eric Staal wins face-off versus Wojtek Wolski in Bruins zone.
9:19 of 2nd period - Backhand shot by Steve Regier.
9:19 of 2nd period - Shot Blocked by Wojtek Wolski.
10:23 of 2nd period - Victor Oreskovich is hit by David Backes and loses puck.
10:45 of 2nd period - Penalty to Henrik Sedin is over, Henrik Sedin is back on ice.
12:02 of 2nd period - Tomas Kaberle is hit by Nate Prosser and loses puck.
12:22 of 2nd period - Patrik Berglund is hit by Andrew Alberts and loses puck.
12:29 of 2nd period - Matt Cooke is hit by Patrik Berglund and loses puck.
12:36 of 2nd period - Snap shot by Patrik Berglund.
12:36 of 2nd period - Stopped by Roberto Luongo with a rebound.
12:38 of 2nd period - Wrist shot by Patrik Berglund.
12:38 of 2nd period - Shot Misses the Net.
12:40 of 2nd period - Slapshot by Steve Eminger.
12:40 of 2nd period - Shot Blocked by Andrew Alberts.
12:42 of 2nd period - Slapshot by Jonathan Ferland.
12:42 of 2nd period - Deflect By Daymond Langkow.
12:42 of 2nd period - Shot Misses the Net.
12:42 of 2nd period - Puck is out of play.
12:43 of 2nd period - Henrik Sedin wins face-off versus Eric Staal in Bruins zone.
12:47 of 2nd period - Off-side.
12:48 of 2nd period - Henrik Sedin wins face-off versus Eric Staal in neutral zone.
12:57 of 2nd period - Wrist shot by Henrik Sedin.
12:57 of 2nd period - Shot Misses the Net.
12:59 of 2nd period - Slapshot by Mark Stuart.
12:59 of 2nd period - Stopped by Pekka Rinne with a rebound.
13:01 of 2nd period - Wrist shot by Maxim Kondratiev.
13:01 of 2nd period - Shot Blocked by Ron Hainsey.
13:03 of 2nd period - Slapshot by Mark Stuart.
13:03 of 2nd period - Deflect By Eric Staal.
13:03 of 2nd period - Stopped by Pekka Rinne with a rebound.
13:36 of 2nd period - Andrew Alberts is hit by Tomas Kaberle and loses puck.
13:55 of 2nd period - Tomas Kaberle is hit by Victor Oreskovich and loses puck.
14:11 of 2nd period - Off-side.
14:12 of 2nd period - Chris Kelly wins face-off versus Marcel Goc in neutral zone.
14:25 of 2nd period - Snap shot by Brad Marchand.
14:25 of 2nd period - Stopped by Roberto Luongo without a rebound.
14:26 of 2nd period - Henrik Sedin wins face-off versus Eric Staal in Bruins zone.
14:57 of 2nd period - Jonathan Ferland is hit by Dainius Zubrus and loses puck.
17:47 of 2nd period - Wrist shot by Daniel Sedin.
17:47 of 2nd period - Goal by Daniel Sedin - Flames : 1 - Bruins : 2.
17:48 of 2nd period - Henrik Sedin wins face-off versus Alexander Semin in neutral zone.
17:51 of 2nd period - Slapshot by Jason Demers.
17:51 of 2nd period - Shot Blocked by David Backes.
18:01 of 2nd period - David Backes is hit by Jason Demers and loses puck.
18:20 of 2nd period - Slapshot by Dainius Zubrus.
18:20 of 2nd period - Shot Misses the Net.
18:24 of 2nd period - Snap shot by Daniel Sedin.
18:24 of 2nd period - Shot Misses the Net.
18:36 of 2nd period - Snap shot by Brad Marchand.
18:36 of 2nd period - Shot Misses the Net.
19:06 of 2nd period - Wrist shot by Henrik Sedin.
19:06 of 2nd period - Stopped by Pekka Rinne without a rebound.
19:07 of 2nd period - Alexander Semin wins face-off versus Henrik Sedin in Flames zone.
19:12 of 2nd period - Andrew Alberts is hit by David Backes and loses puck.
19:35 of 2nd period - Snap shot by Henrik Sedin.
19:35 of 2nd period - Shot Blocked by Patrik Berglund.
19:41 of 2nd period - Snap shot by Mark Bell.
19:41 of 2nd period - Goal by Mark Bell - Flames : 2 - Bruins : 2.
19:42 of 2nd period - Eric Staal wins face-off versus Henrik Sedin in neutral zone.
19:42 of 2nd period - Wojtek Wolski and Erik Johnson fight to a draw.
19:42 of 2nd period - Penalty to Wojtek Wolski for Fighting.
19:42 of 2nd period - Penalty to Erik Johnson for Fighting.
19:43 of 2nd period - Henrik Sedin wins face-off versus Eric Staal in neutral zone.
19:46 of 2nd period - Slapshot by Andrew Alberts.
19:46 of 2nd period - Shot Blocked by David Backes.
19:56 of 2nd period - Backhand shot by Alexander Semin.
19:56 of 2nd period - Deflect By David Backes.
19:56 of 2nd period - Shot Misses the Net.
19:56 of 2nd period - Puck is out of play.
19:57 of 2nd period - Eric Staal wins face-off versus Henrik Sedin in Bruins zone.
19:58 of 2nd period - Wrist shot by David Backes.
19:58 of 2nd period - Shot Blocked by Victor Oreskovich.
Goals for this period are 2 for Flames vs 2 for Bruins.
Shots for this period are 14 for Flames vs 6 for Bruins.
3rd period
0:01 of 3rd period - Henrik Sedin wins face-off versus Eric Staal in neutral zone.
0:39 of 3rd period - Mark Stuart is hit by Patrik Berglund and loses puck.
0:50 of 3rd period - Marcel Goc is hit by Viktor Stalberg and loses puck.
1:07 of 3rd period - Minor Penalty to Noah Welch for Roughing.
1:08 of 3rd period - Henrik Sedin wins face-off versus David Backes in Flames zone.
1:13 of 3rd period - Wrist shot by Henrik Sedin.
1:13 of 3rd period - Shot Misses the Net.
1:15 of 3rd period - Slapshot by Andrew Alberts.
1:15 of 3rd period - Shot Misses the Net.
1:17 of 3rd period - Snap shot by Jason Demers.
1:17 of 3rd period - Stopped by Pekka Rinne without a rebound.
1:18 of 3rd period - Marcel Goc wins face-off versus Henrik Sedin in Flames zone.
2:03 of 3rd period - Snap shot by Victor Oreskovich.
2:03 of 3rd period - Stopped by Pekka Rinne without a rebound.
2:04 of 3rd period - Chris Kelly wins face-off versus Marcel Goc in Flames zone.
2:07 of 3rd period - Wrist shot by Daniel Sedin.
2:07 of 3rd period - Shot Blocked by Ron Hainsey.
2:11 of 3rd period - Wrist shot by Chris Kelly.
2:11 of 3rd period - Goal by Chris Kelly - Flames : 2 - Bruins : 3.
2:12 of 3rd period - Eric Staal wins face-off versus Henrik Sedin in neutral zone.
3:35 of 3rd period - Snap shot by Alexander Semin.
3:35 of 3rd period - Shot Misses the Net.
3:37 of 3rd period - Slapshot by Ron Hainsey.
3:37 of 3rd period - Deflect By Curtis Glencross.
3:37 of 3rd period - Stopped by Roberto Luongo without a rebound.
3:37 of 3rd period - Minor Penalty to Roberto Luongo for Delaying the game.
3:38 of 3rd period - Eric Staal wins face-off versus Daymond Langkow in Bruins zone.
4:09 of 3rd period - Wrist shot by Alexander Semin.
4:09 of 3rd period - Goal by Alexander Semin - Flames : 3 - Bruins : 3.
4:10 of 3rd period - Eric Staal wins face-off versus Henrik Sedin in neutral zone.
4:13 of 3rd period - Slapshot by Alexander Semin.
4:13 of 3rd period - Stopped by Roberto Luongo with a rebound.
4:23 of 3rd period - Snap shot by Victor Oreskovich.
4:23 of 3rd period - Stopped by Pekka Rinne with a rebound.
4:25 of 3rd period - Wrist shot by Jason Demers.
4:25 of 3rd period - Stopped by Pekka Rinne with a rebound.
4:31 of 3rd period - Minor Penalty to Alexander Semin for Delaying the game.
4:32 of 3rd period - Henrik Sedin wins face-off versus Marcel Goc in Flames zone.
4:42 of 3rd period - Penalty to Erik Johnson is over, Erik Johnson is back on ice.
6:14 of 3rd period - Eric Staal is hit by Matt Cooke and loses puck.
6:31 of 3rd period - Penalty to Alexander Semin is over, Alexander Semin is back on ice.
6:39 of 3rd period - Daymond Langkow is hit by Derek Meech.
6:43 of 3rd period - Wrist shot by Daymond Langkow.
6:43 of 3rd period - Shot Misses the Net.
7:10 of 3rd period - Off-side.
7:11 of 3rd period - Curtis Glencross wins face-off versus Colin Wilson in neutral zone.
7:14 of 3rd period - Colin Wilson is hit by Curtis Glencross and loses puck.
7:34 of 3rd period - Curtis Glencross is hit by Steve Regier and loses puck.
7:39 of 3rd period - Slapshot by Steve Regier.
7:39 of 3rd period - Shot Blocked by Curtis Glencross.
7:43 of 3rd period - Wrist shot by Cam Janssen.
7:43 of 3rd period - Deflect By Colin Wilson.
7:43 of 3rd period - Shot Misses the Net.
7:43 of 3rd period - Puck is out of play.
7:44 of 3rd period - Henrik Sedin wins face-off versus Patrik Berglund in Bruins zone.
7:44 of 3rd period - Henrik Sedin is hit by Erik Johnson.
7:56 of 3rd period - Slapshot by Mark Bell.
7:56 of 3rd period - Stopped by Roberto Luongo without a rebound.
7:57 of 3rd period - Henrik Sedin wins face-off versus Eric Staal in Bruins zone.
8:22 of 3rd period - Chris Kelly is hit by Patrik Berglund and loses puck.
8:41 of 3rd period - Snap shot by Marcel Goc.
8:41 of 3rd period - Goal by Marcel Goc - Flames : 4 - Bruins : 3.
8:42 of 3rd period - Wojtek Wolski wins face-off versus Eric Staal in neutral zone.
8:47 of 3rd period - Snap shot by David Backes.
8:47 of 3rd period - Shot Misses the Net.
8:49 of 3rd period - Snap shot by Erik Johnson.
8:49 of 3rd period - Stopped by Roberto Luongo with a rebound.
8:51 of 3rd period - Slapshot by Erik Johnson.
8:51 of 3rd period - Shot Misses the Net.
8:53 of 3rd period - Wrist shot by David Backes.
8:53 of 3rd period - Stopped by Roberto Luongo with a rebound.
9:16 of 3rd period - Slapshot by Patrik Berglund.
9:16 of 3rd period - Stopped by Roberto Luongo with a rebound.
9:18 of 3rd period - Slapshot by Ron Hainsey.
9:18 of 3rd period - Shot Misses the Net.
9:34 of 3rd period - Snap shot by Brad Marchand.
9:34 of 3rd period - Stopped by Roberto Luongo without a rebound.
9:35 of 3rd period - Eric Staal wins face-off versus Henrik Sedin in Bruins zone.
11:12 of 3rd period - Off-side.
11:13 of 3rd period - Colin Wilson wins face-off versus Henrik Sedin in neutral zone.
11:16 of 3rd period - Slapshot by Steve Eminger.
11:16 of 3rd period - Shot Misses the Net.
11:52 of 3rd period - Icing by Chris Kelly.
11:53 of 3rd period - Patrik Berglund wins face-off versus Chris Kelly in Bruins zone.
12:12 of 3rd period - Patrik Berglund is hit by Andrew Alberts and loses puck.
12:30 of 3rd period - Patrik Berglund is hit by Daniel Sedin and loses puck.
12:42 of 3rd period - Off-side.
12:43 of 3rd period - Eric Staal wins face-off versus Henrik Sedin in neutral zone.
12:48 of 3rd period - Snap shot by Alexander Semin.
12:48 of 3rd period - Shot Blocked by Jonathan Sigalet.
13:08 of 3rd period - Marcel Goc is hit by Matt Cooke and loses puck.
13:17 of 3rd period - Wrist shot by Matt Cooke.
13:17 of 3rd period - Shot Misses the Net.
13:29 of 3rd period - Slapshot by Tomas Kaberle.
13:29 of 3rd period - Deflect By Wojtek Wolski.
13:29 of 3rd period - Stopped by Roberto Luongo without a rebound.
13:30 of 3rd period - Dave Bolland wins face-off versus Colin Wilson in Bruins zone.
13:35 of 3rd period - Snap shot by Jason Demers.
13:35 of 3rd period - Deflect By Wojtek Wolski.
13:35 of 3rd period - Stopped by Pekka Rinne with a rebound.
13:37 of 3rd period - Wrist shot by Dave Bolland.
13:37 of 3rd period - Stopped by Pekka Rinne without a rebound.
13:38 of 3rd period - Henrik Sedin wins face-off versus Eric Staal in Flames zone.
13:41 of 3rd period - Wrist shot by Henrik Sedin.
13:41 of 3rd period - Stopped by Pekka Rinne with a rebound.
13:43 of 3rd period - Snap shot by Victor Oreskovich.
13:43 of 3rd period - Stopped by Pekka Rinne without a rebound.
13:44 of 3rd period - Eric Staal wins face-off versus Henrik Sedin in Flames zone.
13:55 of 3rd period - Wrist shot by David Backes.
13:55 of 3rd period - Shot Blocked by Victor Oreskovich.
13:59 of 3rd period - Wrist shot by Eric Staal.
13:59 of 3rd period - Stopped by Roberto Luongo without a rebound.
14:00 of 3rd period - Chris Kelly wins face-off versus Patrik Berglund in Bruins zone.
15:01 of 3rd period - Marcel Goc is hit by Daymond Langkow.
15:44 of 3rd period - Backhand shot by Patrik Berglund.
15:44 of 3rd period - Stopped by Roberto Luongo with a rebound.
16:11 of 3rd period - Snap shot by Daymond Langkow.
16:11 of 3rd period - Shot Misses the Net.
16:27 of 3rd period - Snap shot by Brad Marchand.
16:27 of 3rd period - Stopped by Roberto Luongo with a rebound.
16:29 of 3rd period - Slapshot by Noah Welch.
16:29 of 3rd period - Stopped by Roberto Luongo with a rebound.
16:31 of 3rd period - Wrist shot by Brad Marchand.
16:31 of 3rd period - Stopped by Roberto Luongo without a rebound.
16:32 of 3rd period - Patrik Berglund wins face-off versus Henrik Sedin in Bruins zone.
16:44 of 3rd period - Slapshot by Tomas Kaberle.
16:44 of 3rd period - Goal by Tomas Kaberle - Flames : 5 - Bruins : 3.
16:45 of 3rd period - Victor Oreskovich wins face-off versus Marcel Goc in neutral zone.
17:10 of 3rd period - Eric Staal is hit by Daymond Langkow and loses puck.
17:53 of 3rd period - Snap shot by Wojtek Wolski.
17:53 of 3rd period - Goal by Wojtek Wolski - Flames : 5 - Bruins : 4.
17:54 of 3rd period - Marcel Goc wins face-off versus Dave Bolland in neutral zone.
18:03 of 3rd period - Wrist shot by Marcel Goc.
18:03 of 3rd period - Stopped by Roberto Luongo with a rebound.
18:09 of 3rd period - Slapshot by Noah Welch.
18:09 of 3rd period - Shot Blocked by Jason Demers.
18:39 of 3rd period - Chris Kelly is hit by Tomas Kaberle and loses puck.
19:06 of 3rd period - Bruins, Roberto Luongo is pulled from the net.
19:40 of 3rd period - Wrist shot by Wojtek Wolski.
19:40 of 3rd period - Goal by Wojtek Wolski - Flames : 5 - Bruins : 5.
19:40 of 3rd period - Roberto Luongo from Bruins was sent back in the game.
19:41 of 3rd period - Henrik Sedin wins face-off versus Eric Staal in neutral zone.
19:44 of 3rd period - Snap shot by Henrik Sedin.
19:44 of 3rd period - Shot Misses the Net.
Goals for this period are 3 for Flames vs 3 for Bruins.
Shots for this period are 17 for Flames vs 11 for Bruins.
Overtime #1
0:01 of 1st overtime period - Eric Staal wins face-off versus Wojtek Wolski in neutral zone.
0:40 of 1st overtime period - Maxim Kondratiev is hit by David Backes.
1:12 of 1st overtime period - Slapshot by Erik Johnson.
1:12 of 1st overtime period - Deflect By Matt Cooke.
1:12 of 1st overtime period - Stopped by Roberto Luongo with a rebound.
1:14 of 1st overtime period - Wrist shot by Alexander Semin.
1:14 of 1st overtime period - Shot Misses the Net.
1:16 of 1st overtime period - Slapshot by Derek Meech.
1:16 of 1st overtime period - Shot Misses the Net.
2:01 of 1st overtime period - Icing by Marcel Goc.
2:02 of 1st overtime period - David Backes wins face-off versus Wojtek Wolski in Flames zone.
2:28 of 1st overtime period - Andrew Alberts is hit by Erik Johnson and loses puck.
4:38 of 1st overtime period - Icing by Steve Regier.
4:39 of 1st overtime period - Eric Staal wins face-off versus Daniel Sedin in Flames zone.
Goals for this period are 0 for Flames vs 0 for Bruins.
Shots for this period are 1 for Flames vs 0 for Bruins.
ShootOut
5:00 of 1st overtime period - Penalty Shot by Eric Staal for Flames.
5:00 of 1st overtime period - Snap shot by Eric Staal.
5:00 of 1st overtime period - Stopped by Roberto Luongo.
5:00 of 1st overtime period - Penalty Shot by Wojtek Wolski for Bruins.
5:00 of 1st overtime period - Deke by Wojtek Wolski.
5:00 of 1st overtime period - Stopped by Pekka Rinne.
5:00 of 1st overtime period - Penalty Shot by Alexander Semin for Flames.
5:00 of 1st overtime period - Backhand shot by Alexander Semin.
5:00 of 1st overtime period - Goal by Alexander Semin.
5:00 of 1st overtime period - Penalty Shot by Henrik Sedin for Bruins.
5:00 of 1st overtime period - Deke by Henrik Sedin.
5:00 of 1st overtime period - Stopped by Pekka Rinne.
5:00 of 1st overtime period - Penalty Shot by Patrik Berglund for Flames.
5:00 of 1st overtime period - Snap shot by Patrik Berglund.
5:00 of 1st overtime period - Shot Misses the Net.
5:00 of 1st overtime period - Penalty Shot by Daniel Sedin for Bruins.
5:00 of 1st overtime period - Wrist shot by Daniel Sedin.
5:00 of 1st overtime period - Goal by Daniel Sedin.
5:00 of 1st overtime period - Penalty Shot by David Backes for Flames.
5:00 of 1st overtime period - Backhand shot by David Backes.
5:00 of 1st overtime period - Stopped by Roberto Luongo.
5:00 of 1st overtime period - Penalty Shot by Victor Oreskovich for Bruins.
5:00 of 1st overtime period - Snap shot by Victor Oreskovich.
5:00 of 1st overtime period - Goal by Victor Oreskovich.
Back to the Top